 Dungeon Crawl Stone Soup version 0.31-a0-233-g139696dc86 (webtiles) character file.

Game seed: 1833898528734407324

2017 qw the Skirmisher (level 9, -6/79 HPs)
             Began as a Minotaur Hexslinger on July 8, 2023.
             Was an Initiate of Okawaru.
             Mangled by a gnoll
             ... wielding a +0 halberd
             ... led by a gnoll bouda
              (11 damage)
             ... on level 7 of the Dungeon.
             The game lasted 00:02:22 (5120 turns).

qw the Skirmisher (Minotaur Hexslinger)             Turns: 5120, Time: 00:02:23

Health: -6/79      AC:  9    Str: 12    XL:     9   Next: 3%
Magic:  9/9        EV: 12    Int: 10    God:    Okawaru [......]
Gold:   241        SH:  0    Dex: 18    Spells: 9/10 levels left

rFire   . . .        Y - +0 shortbow
rCold   . . .        (shield currently unavailable)
rNeg    . . .        p - +0 ring mail
rPois   .            i - +2 hat
rElec   .            (no cloak)
rCorr   .            n - +1 pair of gloves
SInv    .            (no boots)
Will    .....        k - amulet of regeneration
Stlth   +            (no ring)
HPRegen 1.13/turn    (no ring)
MPRegen 0.11/turn

%: no passive effects
@: no status effects
A: horns 2, retaliatory headbutt
a: Renounce Religion


You were on level 7 of the Dungeon.
You worshipped Okawaru.
Okawaru was noncommittal.
You visited 2 branches of the dungeon, and saw 8 of its levels.

You collected 241 gold pieces.


Innate Abilities, Weirdness & Mutations

You have a pair of horns on your head.
You reflexively headbutt those who attack you in melee.


   Skills:
 - Level 7.3 Fighting
 - Level 10.7 Ranged Weapons
 - Level 2.3 Armour
 + Level 3.3 Dodging
 - Level 1.0 Spellcasting
 - Level 2.0 Hexes


You had 9 spell levels left.
You knew the following spells:

 Your Spells              Type           Power      Damage    Failure   Level
a - Slow                  Hex            16%        N/A       32%         1

Your spell library contained the following spells:

 Spells                   Type           Power      Damage    Failure   Level
 Inner Flame              Hex/Fire       2%         N/A       83%         3
 Portal Projectile        Hex/Tloc       4%         N/A       83%         3
 Cause Fear               Hex            2%         N/A       97%         4

Inventory:

Hand Weapons
 Y - a +0 shortbow (weapon)
Armour
 i - a +2 hat (worn)
 n - a +1 pair of gloves (worn)
 p - a +0 ring mail (worn)
Jewellery
 k - an amulet of regeneration (around neck)
Scrolls
 a - a scroll of identify
 d - a scroll of fear {unknown}
Potions
 b - a potion of heal wounds {unknown}
 c - a potion of haste
 m - a potion of resistance {unknown}
 o - a potion of berserk rage {unknown}

Dungeon Overview and Level Annotations

Branches:
Dungeon (7/15)             Temple (1/1) D:6

Altars:
Ashenzari
Cheibriados
Dithmenos
Gozag
Hepliaklqana
Kikubaaqudgha
Makhleb
Nemelex Xobeh
Okawaru
Qazlal
Ru
Sif Muna
Trog
Uskayaw
Vehumet
Wu Jian
Xom
Yredelemnul
Zin


Message History

You shoot an arrow.
The arrow barely misses the gnoll bouda.
The gnoll barely misses you. The bullfrog closely misses you.
The gnoll hits you from afar with a +0 spear.
The gnoll hits you but does no damage.
The gnoll bouda hits you with a +0 whip!
You shoot an arrow. The arrow hits the gnoll bouda!
You kill the gnoll bouda!
Okawaru accepts your kill.
The gnoll is no longer moving quickly.
The bullfrog hits you.
The gnoll hits you from afar with a +0 halberd!
The gnoll hits you from afar with a +0 spear.
The bullfrog closely misses you. The gnoll completely misses you.
You shoot an arrow. The arrow hits the bullfrog.
The bullfrog is heavily wounded.
The gnoll is no longer moving quickly.
The gnoll closely misses you. The bullfrog barely misses you.
The gnoll hits you from afar with a +0 spear.
The gnoll closely misses you.
You shoot an arrow. The arrow hits the bullfrog!
The bullfrog is almost dead.
The bullfrog hits you.
The gnoll hits you from afar with a +0 halberd!
The gnoll hits you from afar with a +0 spear.
The bullfrog hits you. The gnoll barely misses you.
You shoot an arrow. The arrow closely misses the bullfrog.
The arrow hits the gnoll.
The gnoll is moderately wounded.
The gnoll closely misses you. The bullfrog hits you.
The gnoll hits you but does no damage. The gnoll barely misses you.
You shoot an arrow.
The arrow completely misses the bullfrog.
The arrow hits the gnoll but does no damage.
The gnoll is moderately wounded.
The gnoll is no longer moving quickly.
The bullfrog misses you. You furiously retaliate!
You headbutt the bullfrog!
You kill the bullfrog!
Okawaru accepts your kill.
The gnoll hits you from afar with a +0 halberd!
You die...

##..[.....
#.........
#.........
#.........
#.........
...g.....
#)%g)....
##########@.g.....
#.........#######.
#.........#
#......./.#
#.........####
#.............
#.........####
#.....<)..#
###########


You could see 3 gnolls.

Vanquished Creatures
  Prince Ribbit (D:5)
  Menkaure (D:6)
  A water moccasin (D:5)
  A centaur (D:5)
  2 phantoms
  3 bullfrogs
  4 scorpions
  8 wights (D:6)
  2 hounds
  2 gnoll boudas
  An orc priest (D:5)
  An orc wizard (D:5)
  Natasha (thrice) (D:2)
  2 iguanas
  Robin (D:3)
  6 gnolls
  12 adders
  An ufetubus (D:6)
  2 dart slugs
  10 orcs
  10 endoplasms
  3 giant cockroaches
  19 goblins
  6 hobgoblins
  2 jackals (D:2)
  4 quokkas
  A ball python (D:3)
  7 bats
  5 frilled lizards
  4 kobolds
  7 rats
132 creatures vanquished.

Notes
Turn   | Place    | Note
-------+----------+-------------------------------------------
     0 | D:1      | qw the Minotaur Hexslinger began the quest for the Orb.
     0 | D:1      | Reached XP level 1. HP: 16/16 MP: 1/1
     0 | D:1      | 0 ||| qw: Version: 0.3-a-46-gb1f654a
     0 | D:1      | 0 ||| qw: Game counter: 3457
     0 | D:1      | 0 ||| qw: Melee chars always use a shield: true
     0 | D:1      | 0 ||| qw: God list: Okawaru
     0 | D:1      | 0 ||| qw: Allow faded altars: false
     0 | D:1      | 0 ||| qw: Do Orc after clearing Dungeon:15 true
     0 | D:1      | 0 ||| qw: Do second Lair branch before Depths: true
     0 | D:1      | 0 ||| qw: Lair rune preference: random
     0 | D:1      | 0 ||| qw: Goals: Normal
     0 | D:1      | 0 ||| PLANNING D:1-11
   452 | D:1      | Reached skill level 3 in Ranged Weapons
   476 | D:1      | Reached XP level 2. HP: 23/23 MP: 2/2
   484 | D:1      | 484 ||| UPGRADING to +2 hat.
   489 | D:1      | 489 ||| READING scroll labelled IWUDUO FIWURIN.
   490 | D:1      | 490 ||| READING scroll labelled IKHLIS TIQAOC.
   491 | D:1      | 491 ||| DROPPING scroll of poison.
   607 | D:2      | Reached XP level 3. HP: 30/30 MP: 3/3
   963 | D:2      | Reached skill level 4 in Ranged Weapons
  1049 | D:2      | Noticed Natasha
  1063 | D:2      | Killed Natasha
  1064 | D:2      | Reached XP level 4. HP: 19/37 MP: 4/4
  1381 | D:2      | Noticed Natasha
  1395 | D:2      | Killed Natasha
  1396 | D:2      | Reached skill level 5 in Ranged Weapons
  1435 | D:2      | Noticed Natasha
  1440 | D:2      | Killed Natasha
  1441 | D:2      | Reached skill level 3 in Fighting
  1441 | D:2      | Reached XP level 5. HP: 32/45 MP: 5/5
  1600 | D:2      | 1600 ||| UPGRADING to +0 leather armour.
  1610 | D:2      | 1610 ||| DROPPING +0 robe.
  1611 | D:2      | 1611 ||| UPGRADING to +1 pair of gloves.
  1616 | D:2      | 1616 ||| UPGRADING to amulet of regeneration.
  1621 | D:2      | 1621 ||| READING scroll labelled URERO FIMAXUM.
  1622 | D:2      | 1622 ||| READING scroll labelled GOG NUOLIESM.
  1623 | D:2      | 1623 ||| READING scroll labelled WUOTOTW VUANT.
  1659 | D:3      | Noticed Robin
  1669 | D:3      | Killed Robin
  1671 | D:3      | 1671 ||| STAIRDANCE
  1679 | D:3      | 1679 ||| STAIRDANCE
  2081 | D:3      | Found a faded altar of an unknown god.
  2360 | D:3      | Reached skill level 6 in Ranged Weapons
  2518 | D:4      | Reached XP level 6. HP: 38/51 MP: 6/6
  2902 | D:4      | 2902 ||| READING 2 scrolls labelled RIFUCU DULOHEWN.
  2907 | D:4      | 2907 ||| READING scroll labelled NULOKL XEME.
  2911 | D:5      | Entered Level 5 of the Dungeon
  2965 | D:5      | 2965 ||| SWAPPING to +0 shortbow.
  2988 | D:5      | 2988 ||| DROPPING +1 sling.
  3021 | D:5      | Noticed Prince Ribbit
  3039 | D:5      | Killed Prince Ribbit
  3040 | D:5      | Reached skill level 7 in Ranged Weapons
  3040 | D:5      | Reached XP level 7. HP: 47/59 MP: 7/7
  3191 | D:5      | Found a basalt altar of Yredelemnul.
  3206 | D:5      | HP: 7/59 [gnoll/+0 halberd[a gnoll bouda] (13)]
  3207 | D:5      | 3207 ||| READING scroll of teleportation.
  3274 | D:5      | Reached skill level 8 in Ranged Weapons
  3339 | D:5      | 3339 ||| Stepping ~*~*~tactically~*~*~ (outnumbered).
  3341 | D:5      | 3341 ||| Stepping ~*~*~tactically~*~*~ (outnumbered).
  3343 | D:5      | 3343 ||| Stepping ~*~*~tactically~*~*~ (outnumbered).
  3345 | D:5      | 3345 ||| Stepping ~*~*~tactically~*~*~ (outnumbered).
  3397 | D:5      | Found an ornate altar of the Wu Jian Council.
  3483 | D:5      | Reached skill level 3 in Dodging
  3695 | D:5      | Reached XP level 8. HP: 51/68 MP: 8/8
  3983 | D:5      | 3983 ||| UPGRADING to +0 ring mail.
  3993 | D:5      | 3993 ||| DROPPING +0 leather armour.
  3994 | D:5      | 3994 ||| DROPPING +6 ring of intelligence.
  3995 | D:5      | 3995 ||| DROPPING ring of wizardry.
  3996 | D:5      | 3996 ||| DRINKING 2 smoky green potions.
  3997 | D:5      | 3997 ||| DRINKING 2 brown potions.
  3998 | D:5      | 3998 ||| DRINKING 2 fizzy puce potions.
  4021 | D:5      | 4021 ||| READING 3 scrolls of identify.
  4021 | D:5      | 4021 ||| IDENTIFYING murky golden potion
  4022 | D:5      | 4022 ||| READING 2 scrolls of identify.
  4022 | D:5      | 4022 ||| IDENTIFYING cyan potion
  4023 | D:5      | 4023 ||| DROPPING potion of attraction.
  4024 | D:5      | 4024 ||| DROPPING potion of brilliance.
  4025 | D:5      | 4025 ||| DROPPING potion of ambrosia.
  4026 | D:5      | 4026 ||| DROPPING potion of lignification.
  4110 | D:6      | Reached skill level 9 in Ranged Weapons
  4298 | D:6      | Reached skill level 6 in Fighting
  4384 | D:6      | Reached skill level 10 in Ranged Weapons
  4503 | D:6      | Found a staircase to the Ecumenical Temple.
  4504 | D:6      | 4504 ||| PLANNING TEMPLE
  4504 | D:6      | 4504 ||| READING scroll labelled QAAMYKHE WIN.
  4505 | D:6      | 4505 ||| READING 2 scrolls of identify.
  4505 | D:6      | 4505 ||| IDENTIFYING purple potion
  4506 | D:6      | 4506 ||| DROPPING potion of magic.
  4511 | Temple   | Entered the Ecumenical Temple
  4512 | Temple   | 4512 ||| PLANNING OKAWARU WORSHIP
  4517 | Temple   | Became a worshipper of Warmaster Okawaru
  4518 | Temple   | 4518 ||| PLANNING D:1-11
  4739 | D:6      | Noticed Menkaure
  4748 | D:6      | Killed Menkaure
  5109 | D:7      | Reached XP level 9. HP: 67/79 MP: 9/9
  5118 | D:7      | HP: 11/79 [gnoll/+0 halberd[a gnoll bouda] (10)]
  5118 | D:7      | HP: 4/79 [bullfrog (5)]
  5120 | D:7      | Mangled by a gnoll

Levels and vault maps discovered:
D:1:      saegor_arrival_simple_a, layout_loops_ring, chequers_garden,
          minmay_misc_feat_square
D:2:      minmay_skewed_foursquare, layout_basic, cheibrodos_gnoll_hut,
          uniq_natasha
D:3:      layout_loops_ring, shapermc_ecumenical_altar_mp_highgroup,
          nicolae_hexahallways, uniq_robin
D:4:      layout_rooms
D:5:      layout_cave_pods, mainiacjoe_overflow_big_doors, minmay_between,
          uniq_prince_ribbit1
D:6:      layout_basic, temple_statues, nicolae_kite_square_tiling_tiny,
          dreamdust_princess_bridge, item_on_display_a, uniq_menkaure
D:7:      layout_rooms, lemuel_coloured_pillars_altar
Temple:   sentei_temple_godly_chess

Skill      XL: |  1  2  3  4  5  6  7  8 |
---------------+-------------------------+-----
Ranged Weapons | 3 4 5 6 7 8 10 | 10.7
Fighting       | 2 3 4 5 7 |  7.3
Armour         | 2 |  2.3
Dodging        | 3 |  3.3
Spellcasting   | |  1.0
Hexes          | |  2.0

Action                     |  1- 3 |  4- 6 |  7- 9 || total
---------------------------+-------+-------+-------++-------
   Fire: Sling             |   106 |   182 |       ||   288
         Shortbow          |       |    27 |   249 ||   276
    Use: Scroll            |     2 |     5 |     5 ||    12
         Potion            |       |       |     3 ||     3
 Armour: Robe              |    16 |     4 |       ||    20
         Leather armour    |       |    49 |    21 ||    70
         Ring mail         |       |       |    28 ||    28
  Dodge: Dodged            |    41 |   103 |   116 ||   260

Table legend:
 A = Non-vault XP
 B = Vault XP
 C = Vault XP percentage of total XP
 D = Non-vault monster count
 E = Vault monster count
 F = Vault count percentage of total count
                 A         B        C        D         E       F
            +---------+---------+-------+---------+---------+-------
      Total |    2256 |     716 |  24.1 |     103 |      29 |  22.0
            +---------+---------+-------+---------+---------+-------
        D:1 |      12 |       0 |   0.0 |       8 |       0 |   0.0
        D:2 |     133 |      81 |  37.9 |      23 |      14 |  37.8
        D:3 |      49 |      34 |  41.0 |      16 |      10 |  38.5
        D:4 |     189 |       0 |   0.0 |      18 |       0 |   0.0
        D:5 |     630 |     432 |  40.7 |      16 |       4 |  20.0
        D:6 |     990 |     169 |  14.6 |      17 |       1 |   5.6
        D:7 |     253 |       0 |   0.0 |       5 |       0 |   0.0
            +---------+---------+-------+---------+---------+-------
